 Dungeon Crawl Stone Soup version 0.26-a0-651-gb41185065b (webtiles) character file.

Game seed: 12869832554141823719

(classic levelgen) 184 EnegeticOcto the Chopper (level 5, 42/46 HPs)
             Began as a Deep Dwarf Delver on Oct 23, 2020.
             Quit the game in a bailey.
             The game lasted 00:01:34 (226 turns).

EnegeticOcto the Chopper (Deep Dwarf Delver)         Turns: 226, Time: 00:01:34

Health: 42/46      AC:  9    Str: 15    XL:     5   Next: 36%
Magic:  3/3        EV:  7    Int: 12    God:
Gold:   0          SH:  0    Dex: 14    Spells: 4/4 levels left

rFire    . . .     SeeInvis .   j - +0 spear of Foolhardiness {vorpal, rPois rN++} (curse)
rCold    . . .     Faith    .   (no shield)
rNeg     + + .     Spirit   .   l - +1 chain mail
rPois    +         Reflect  .   (no helmet)
rElec    .         Harm     .   (no cloak)
rCorr    .         Rampage  .   (no gloves)
MR       +....                  (no boots)
Stlth    ..........             (no amulet)
HPRegen  0.00/turn              i - ring of wizardry
MPRegen  0.08/turn              m - ring of protection from magic

@: non-regenerating
A: damage resistance, heal wounds, sense surroundings 1, no regeneration
a: Heal Wounds


You were in a bailey.
You visited 1 branch of the dungeon, and saw 3 of its levels.
You also visited: Bailey.

Inventory:

Hand Weapons
 a - a +1 hand axe
 h - the cursed +2 halberd of Spring {spect, +Fly rF++ Str+3 Int-2, unknown}
   (You found it on level 7 of the Dungeon)

   It retains the spirit of the tree from which it was made.
   In the hands of one skilled in evocations this spirit is drawn out to fight
   along side the wielder.
   It affects your strength (+3).
   It affects your intelligence (-2).
   It greatly protects you from fire.
   It lets you fly.
   It has a curse placed upon it.
 j - the cursed +0 spear of Foolhardiness (weapon) {vorpal, rPois rN++}
   (You found it on level 7 of the Dungeon)

   It inflicts extra damage upon your enemies.
   It protects you from poison.
   It greatly protects you from negative energy.
   It has a curse placed upon it.
Armour
 b - a +0 leather armour
 l - a +1 chain mail (worn)
Jewellery
 i - a ring of wizardry (left hand)
 m - a ring of protection from magic (right hand)
Wands
 g - a wand of digging (3) {@v3}
Scrolls
 c - a scroll of fog
 e - a scroll of fear
Potions
 d - a potion of flight {unknown}
 f - a potion of haste {@q4}


   Skills:
 - Level 2.6 Fighting
 + Level 6.2 Axes
 - Level 2.1 Dodging
 - Level 6.0 Stealth


You had 4 spell levels left.
You didn't know any spells.
Your spell library was empty.

Dungeon Overview and Level Annotations

Branches:
Dungeon (7/15)             Bailey (1/1)
 Temple: D:4-7

Altars:

Annotations:
D:6 3 runed translucent doors, catramo's ghost, novice OgBe


Innate Abilities, Weirdness & Mutations

You are resistant to damage.
You can heal yourself by infusing magical energy.
You passively map a small area around you.
You do not regenerate.


Message History

You reach to attack!
You hit the orc but do no damage.
The orc is heavily wounded.
The centaur hits you from afar with a +0 halberd.
You reach to attack!
You hit the orc but do no damage.
The orc is heavily wounded.
The centaur hits you from afar with a +0 halberd!
The orc closely misses you.
The centaur hits you from afar with a +0 halberd!
* * * LOW HITPOINT WARNING * * *
You are too injured to fight recklessly!
You are too injured to fight recklessly!
You are too injured to fight recklessly!
You are too injured to fight recklessly!
You are too injured to fight recklessly!
You are too injured to fight recklessly!
You are too injured to fight recklessly!
You are too injured to fight recklessly!
You are too injured to fight recklessly!
You are too injured to fight recklessly!
You are too injured to fight recklessly!
You are too injured to fight recklessly!
You feel much better. The orc hits you but does no damage.
The centaur hits you but does no damage.
The centaur hits you with a +0 halberd.
You hit the centaur but do no damage. The centaur hits you with a +0 halberd!
The orc hits you from afar with a +0 trident.
You hit the centaur but do no damage.
The centaur hits you but does no damage.
The orc hits you from afar with a +0 trident.
You hit the centaur but do no damage. The centaur hits you with a +0 halberd!
* * * LOW HITPOINT WARNING * * *
The orc hits you but does no damage. The centaur hits you with a +0 halberd.
* * * LOW HITPOINT WARNING * * *
You feel much better. The centaur closely misses you.
The orc hits you but does no damage.
You barely miss the centaur.
The centaur hits you but does no damage.
The orc barely misses you.
You hit the centaur but do no damage.
The centaur hits you but does no damage.
The orc hits you but does no damage.
You hit the centaur.
The centaur is moderately wounded.
The centaur hits you but does no damage.
The centaur hits you with a +0 halberd.
You hit the centaur but do no damage.
The centaur is moderately wounded.
The orc barely misses you.
The centaur hits you but does no damage.
You hit the centaur.
The centaur is heavily wounded.
The orc hits you but does no damage. The centaur barely misses you.
You hit the centaur.
The centaur is heavily wounded.
The centaur hits you but does no damage.
The orc hits you from afar with a +0 trident.
* * * LOW HITPOINT WARNING * * *
You feel much better. The centaur barely misses you.
The orc hits you from afar with a +0 trident.
The centaur barely misses you.
You hit the centaur.
The centaur is severely wounded.
The orc hits you from afar with a +0 trident.
The centaur hits you with a +0 halberd.
You hit the centaur but do no damage.
The centaur is severely wounded.
The centaur hits you with a +0 halberd! The orc hits you but does no damage.
You hit the centaur but do no damage.
The centaur is severely wounded.
The centaur barely misses you. The orc hits you but does no damage.
You hit the centaur but do no damage.
The centaur is severely wounded.
The centaur hits you with a +0 halberd. The orc misses you.
The centaur hits you with a +0 halberd.
You feel much better. The centaur barely misses you.
The orc hits you from afar with a +0 trident.
You hit the centaur but do no damage.
The centaur is severely wounded.
The centaur hits you with a +0 halberd.
You hit the centaur.
The centaur is almost dead.
The orc hits you from afar with a +0 trident.
The centaur hits you with a +0 halberd!
You hit the centaur but do no damage.
The centaur is almost dead.
The centaur hits you with a +0 halberd. The orc completely misses you.
You hit the centaur but do no damage.
The centaur is almost dead.
The centaur hits you but does no damage.
The orc hits you but does no damage. The centaur barely misses you.
You feel much better. The orc hits you but does no damage.
The centaur closely misses you.
You hit the centaur.
You kill the centaur!
Your Axes skill increases to level 6!
You have reached level 5!
The orc completely misses you.
Things that are here:
a +0 halberd; a +0 ring mail; a centaur corpse Are you sure you want to abandon this character and quit the game? (Confirm with "yes".)

####≈≈⌠$.$.$⌠≈≈##
**
#≈≈≈≈.........≈≈≈ *
#....o)≈≈≈≈≈..... ,
* #...oo≈≈...≈≈....
* +..≈o≈≈.≈.≈.≈≈.≈.
≈
,#.≈≈.≈.≈≈.≈≈.≈.≈≈
*
,#.≈o≈≈(≈...≈.≈≈.≈,
, #.≈.≈.≈≈...≈≈.≈.≈
*, *
#.≈.≈@≈.⌠∩⌠.≈.≈.≈
#.≈.≈.≈..∩..≈.≈.≈ ≈
#.≈.≈.≈.⌠∩⌠.≈.≈.≈
,#.≈.≈.≈≈...≈≈.≈.≈
,
,#.≈.≈≈.≈...≈.≈≈.≈
≈ #.≈≈.≈.≈≈≈≈≈.≈.≈≈
, ,
##.≈.≈≈.....≈≈.≈.
#.≈≈.≈≈≈.≈≈≈.≈≈. ,
..≈≈..≈.≈..≈≈..


You could see 5 orcs.

Vanquished Creatures
  2 centaurs (Bailey)
  A hound zombie (D:7)
  An ooze (D:6)
  4 orcs (Bailey)
  A leopard gecko zombie (D:7)
9 creatures vanquished.

Notes
Turn   | Place    | Note
-------+----------+-------------------------------------------
     0 | D:5      | EnegeticOcto the Deep Dwarf Delver began the quest for the
                  | Orb.
     0 | D:5      | Reached XP level 1. HP: 20/20 MP: 1/1
    14 | D:6      | Noticed a bullfrog
    15 | D:6      | Found a runed translucent gate.
    15 | D:6      | Found a runed translucent gate.
    15 | D:6      | Found a runed translucent gate.
    25 | D:6      | Noticed catramo's ghost (novice OgBe)
    51 | D:7      | Found a flagged portal.
    59 | D:7      | Got a faintly glowing spear
    59 | D:7      | Identified the cursed +0 spear of Foolhardiness {vorpal,
                  | rPois rN++} (You found it on level 7 of the Dungeon)
    67 | D:7      | Reached XP level 2. HP: 14/27 MP: 2/2
    71 | D:7      | Got a transparent halberd
   121 | Bailey   | Entered a bailey
   121 | Bailey   | Noticed a centaur
   122 | Bailey   | Noticed a centaur
   173 | Bailey   | Reached XP level 3. HP: 15/33 MP: 2/2
   191 | Bailey   | Killed a centaur
   191 | Bailey   | Reached skill level 5 in Axes
   191 | Bailey   | Reached XP level 4. HP: 31/40 MP: 2/2
   224 | Bailey   | Killed a centaur
   224 | Bailey   | Reached XP level 5. HP: 42/46 MP: 3/3
   226 | Bailey   | Quit the game

Illustrated notes

Levels and vault maps discovered:
D:5:      layout_cave_pods, minmay_temple_entry_hall, uniq_ijyb
D:6:      lemuel_ratsnest, layout_loops_ring, old_standard_altar,
          kennysheep_little_box, old_standard_altar,
          nicolae_overflow_hidden_temple, gammafunk_ghost_split,
          uniq_blork_the_orc, uniq_menkaure, uniq_maggie
D:7:      layout_basic, lemuel_mausoleum_altar_kikubaaqudgha, enter_bailey_2,
          chequers_decorated_corner, uniq_crazy_yiuf_cottage
Bailey:   bailey_polearm_flooded_kennysheep, bailey

Skill      XL: |  1  2  3  4 |
---------------+-------------+-----
Axes           | 3 5 6 |  6.2
Fighting       | |  2.6
Dodging        | |  2.1
Stealth        | |  6.0

Action                   |  1- 3 |  4- 6 || total
-------------------------+-------+-------++-------
Melee: Spear             |    64 |    26 ||    90
       Hand axe          |     8 |       ||     8
 Abil: Heal Wounds       |     7 |     6 ||    13
  Use: Scroll            |     3 |       ||     3
Armor: Leather armour    |     3 |       ||     3
       Chain mail        |    48 |    18 ||    66
Dodge: Dodged            |    66 |    17 ||    83

Table legend: (Time is in decaauts)
 A = Elapsed time spent in this place.
 B = Non-inter-level travel time spent in this place.
 C = Inter-level travel time spent in this place.
 D = Time resting spent in this place.
 E = Time spent auto-exploring this place.
 F = Levels seen in this place.
 G = Mean time per level.
                   A        B        C        D        E       F      G
               +--------+--------+--------+--------+--------+-----+--------+
         Total |    225 |    225 |      0 |      0 |      0 |   4 |   56.2 |
       Dungeon |    121 |    121 |      0 |      0 |      0 |   3 |   40.3 |
        Bailey |    104 |    104 |      0 |      0 |      0 |   1 |  104.0 |
               +--------+--------+--------+--------+--------+-----+--------+

Top non-repeatable levels by time:
  Bailey: 104 daAuts
     D:7: 80 daAuts
     D:6: 26 daAuts
     D:5: 14 daAuts
